 Dungeon Crawl Stone Soup version 0.20-a0-454-g2b43fbb (webtiles) character file.

740 recordrepeat the Chopper (level 7, -3/61 HPs)
             Began as a Hill Orc Fighter on Jan 9, 2017.
             Was a Follower of Beogh.
             Slain by an ogre
             ... wielding a +0 giant spiked club
              (14 damage)
             ... on level 6 of the Dungeon.
             The game lasted 00:15:08 (4394 turns).

recordrepeat the Chopper (Hill Orc Fighter)         Turns: 4394, Time: 00:15:09

Health: -3/61      AC: 13    Str: 20    XL:     7   Next: 75%
Magic:  7/7        EV:  4    Int:  8    God:    Beogh [*.....]
Gold:   126        SH: 10    Dex: 11    Spells: 6/6 levels left

rFire  + . .     SeeInvis .     p - +1 broad axe (elec)
rCold  . . .     Gourm    .     F - +0 plate armour
rNeg   . . .     Faith    .     c - +0 shield
rPois  .         Spirit   .     (no helmet)
rElec  .         Reflect  .     (no cloak)
rCorr  +         Harm     .     (no gloves)
MR     .....                    G - +0 pair of boots
Stlth  ..........               (no amulet)
                                H - ring of protection from fire
                                x - ring of resist corrosion

@: no status effects
A: no striking features
a: Renounce Religion


You were on level 6 of the Dungeon.
You worshipped Beogh.
Beogh was aware of your devotion.
You were hungry.

You visited 1 branch of the dungeon, and saw 6 of its levels.

You collected 126 gold pieces.

Inventory:

Hand Weapons
 a - a +0 war axe
 j - a +3 spear
 p - a +1 broad axe of electrocution (weapon)
Armour
 c - a +0 shield (worn)
 F - a +0 plate armour (worn)
 G - a +0 pair of boots (worn)
Jewellery
 x - a ring of resist corrosion (left hand)
 y - an uncursed ring of magical power
 H - a ring of protection from fire (right hand)
 I - an uncursed ring of flight
Wands
 C - a wand of enslavement (11/24)
Scrolls
 b - a scroll of blinking {unknown}
 g - 2 scrolls of remove curse
 k - a scroll of magic mapping {unknown}
 l - a scroll of amnesia {unknown}
 n - a scroll of fog {unknown}
 s - a scroll of immolation {unknown}
 D - a scroll of enchant armour {unknown}
Potions
 d - 2 potions of might
 h - 2 potions of lignification
 m - 2 potions of curing
 q - a potion of invisibility
 t - a potion of ambrosia
 u - a potion of cancellation
 w - a potion of agility
 z - a potion of flight {unknown}
 A - 2 potions of haste {unknown}
 B - a potion of brilliance {unknown}
 E - a potion of berserk rage {unknown}
Books
 e - a book of Misfortune

   Spells                             Type                      Level
   a - Confusing Touch                Hexes                        1
   b - Confuse                        Hexes                        3
   c - Gell's Gravitas                Hexes/Translocation          3
   d - Petrify                        Transmutation/Earth          4
   e - Metabolic Englaciation         Hexes/Ice                    5
   f - Yara's Violent Unravelling     Hexes/Transmutation          5
Comestibles
 f - 4 bread rations
 i - a slice of pizza
 o - 4 meat rations
 r - a beef jerky
 v - a fruit


   Skills:
 + Level 5.5 Fighting
 + Level 7.0 Axes
 + Level 0.2(3.5) Polearms
 + Level 5.0 Armour
 + Level 1.5 Dodging
 + Level 0.1 Stealth
 + Level 5.2 Shields


You had 6 spell levels left.
You didn't know any spells.

Dungeon Overview and Level Annotations

Branches:
Dungeon (6/15)
 Temple: D:4-7

Altars:
Uskayaw
Zin

Annotations:
D:5 Grinder


Message History

* * * LOW HITPOINT WARNING * * *
You feel better.
The ogre hits you with a giant spiked club.
* * * LOW HITPOINT WARNING * * *
Found a scroll of identify.
There is a stone staircase leading down here.
The ogre barely misses you.
You climb downwards. 2 orcs come into view.
The orc shouts!
Found a robe.
There is a stone staircase leading up here.
You hit the ogre.
The ogre is almost dead.
You block the ogre's attack.
An orc and an orc wizard come into view.
You hit the ogre but do no damage.
The ogre is almost dead.
The ogre hits you with a giant spiked club!
You die...

♣♣ ≈♣ .# o
.#
....####O#
.o..o..@.#
...o.o##.#
..... .#
.[.. .#
### .. .#
.# .#


You could see an ogre, an orc wizard and 4 orcs.

Vanquished Creatures
  An orc warrior (D:4)
  An ogre (D:4)
  The ghost of GgHarvester the Slasher, an amateur DsBe of Trog (D:3)
  2 hounds (D:4)
  An iguana (D:3)
  An orc wizard (D:3)
  A bullfrog skeleton (D:4)
  A centaur skeleton (D:4)
  Terence (D:2)
  A worker ant (D:5)
  Natasha (thrice) (D:2)
  A hound skeleton (D:4)
  5 adders
  An ooze (D:3)
  An adder skeleton (D:5)
  A worm (D:2)
  A dart slug (D:2)
  3 leopard geckos
  14 orcs
  7 giant cockroaches
  10 hobgoblins
  8 jackals
  8 kobolds
  2 quokkas
  2 ball pythons
  6 bats
  5 frilled lizards
  10 goblins
  5 rats
104 creatures vanquished.

Vanquished Creatures (others)
  An orc priest (D:3)
  An orc (D:3)
  A goblin (D:3)
3 creatures vanquished.

Grand Total: 107 creatures vanquished

Notes
Turn   | Place    | Note
-------+----------+-------------------------------------------
     0 | D:1      | recordrepeat the Hill Orc Fighter began the quest for the Orb.
     0 | D:1      | Reached XP level 1. HP: 19/19 MP: 1/1
   362 | D:1      | Reached XP level 2. HP: 27/27 MP: 2/2
   659 | D:1      | Reached skill level 3 in Axes
  1425 | D:2      | Noticed Terence
  1440 | D:2      | Reached XP level 3. HP: 30/33 MP: 3/3
  1443 | D:2      | Killed Terence
  1649 | D:2      | Reached XP level 4. HP: 40/40 MP: 4/4
  1769 | D:2      | Noticed Natasha
  1773 | D:2      | Killed Natasha
  1802 | D:2      | Reached skill level 4 in Axes
  1845 | D:2      | Noticed Natasha
  1852 | D:2      | Killed Natasha
  1852 | D:2      | Reached XP level 5. HP: 45/46 MP: 5/5
  1863 | D:2      | Noticed Natasha
  1877 | D:2      | Killed Natasha
  2125 | D:3      | Reached skill level 5 in Axes
  2168 | D:3      | Became a worshipper of Beogh the Brigand
  2442 | D:3      | Reached XP level 6. HP: 53/53 MP: 6/6
  2830 | D:3      | Noticed GgHarvester's ghost (amateur DsBe)
  2851 | D:3      | Killed GgHarvester's ghost
  3079 | D:3      | Found a hide-covered altar of Uskayaw.
  3129 | D:3      | Found a glowing silver altar of Zin.
  3151 | D:3      | Reached * piety under Beogh
  3224 | D:4      | Reached skill level 6 in Axes
  3224 | D:4      | Reached skill level 1 in Dodging
  3224 | D:4      | Reached XP level 7. HP: 35/60 MP: 7/7
  3436 | D:4      | Reached skill level 5 in Fighting
  3510 | D:4      | Reached skill level 5 in Shields
  4135 | D:4      | Reached skill level 5 in Armour
  4332 | D:5      | Entered Level 5 of the Dungeon
  4360 | D:5      | Reached skill level 7 in Axes
  4369 | D:5      | Noticed Grinder
  4382 | D:5      | HP: 1/61 [ogre/giant spiked club (12)]
  4394 | D:6      | Slain by an ogre

Vault maps used:
D:1:      dpeg_arrival_leaves_temple_mockup
D:2:      uniq_terence, uniq_natasha
D:3:      marbit_many_paths, old_standard_altar, minmay_joined_circles
D:4:      first_bread
D:5:      nicolae_ru_awakened_eye, serial_shops, shop, uniq_crazy_yiuf_cottage,
          uniq_blork_the_orc, uniq_grinder
D:6:      serial_shops, nicolae_shop_window_shopping, serial_bayou_crossing,
          uniq_edmund, uniq_prince_ribbit1

Skill      XL: |  1  2  3  4  5  6  7 |
---------------+----------------------+-----
Axes           | 3 4 5 6 7 |  7.0
Fighting       | 4 5 |  5.5
Armour         | 4 5 |  5.0
Shields        | 4 5 |  5.2
Dodging        | 1 |  1.5
Polearms       | |  0.2
Stealth        | |  0.1

Action                   |  1- 3 |  4- 6 |  7- 9 || total
-------------------------+-------+-------+-------++-------
Melee: War axe           |    26 |       |       ||    26
       Spear             |    23 |       |       ||    23
       Broad axe         |    15 |   181 |    65 ||   261
Invok: Convert to Beogh  |       |     1 |       ||     1
  Use: Scroll            |       |     1 |     6 ||     7
       Potion            |       |       |     2 ||     2
  Eat: Chunk             |     2 |     6 |     3 ||    11
Armor: Scale mail        |    33 |    71 |     9 ||   113
       Plate armour      |       |       |     7 ||     7
Dodge: Dodged            |    19 |    57 |    19 ||    95
Block: Shield            |    28 |    88 |    36 ||   152
